 Dungeon Crawl Stone Soup version 0.29-a0-541-gaf1fc19f1b (webtiles) character file.

Game seed: 8972476553957133020

672 happo123 the Sneak (level 7, 0/40 HPs)
             Began as a Kobold Enchanter on June 2, 2022.
             Slain by an orc priest
             ... wielding a +0 short sword
              (5 damage)
             ... on level 4 of the Dungeon.
             The game lasted 00:16:30 (4571 turns).

happo123 the Sneak (Kobold Enchanter)               Turns: 4571, Time: 00:16:31

Health: 0/40       AC:  4    Str:  6    XL:     7   Next: 90%
Magic:  0/12       EV: 16    Int: 18    God:
Gold:   230        SH:  0    Dex: 15    Spells: 5/13 levels left

rFire   . . .      SeeInvis .   s - +2 dagger (venom)
rCold   . . .      Faith    .   (no shield)
rNeg    . . .      Spirit   .   b - +0 robe
rPois   .          Reflect  .   l - +0 helmet
rElec   .          Harm     .   (no cloak)
rCorr   .          Rampage  .   (no gloves)
Will    .....                   p - +0 pair of boots
Stlth   ++++......              (no amulet)
HPRegen 0.13/turn               (no ring)
MPRegen 0.13/turn               (no ring)

@: confusing by touch
A: small, no large weapons, nightstalker 3
a: no special abilities


You were on level 4 of the Dungeon.
You visited 1 branch of the dungeon, and saw 4 of its levels.

You collected 230 gold pieces.

Inventory:

Hand Weapons
 a - a +1 dagger
 s - a +2 dagger of venom (weapon)
Armour
 b - a +0 robe (worn)
 l - a +0 helmet (worn)
 p - a +0 pair of boots (worn)
Scrolls
 d - 6 scrolls of identify
 e - 2 scrolls of teleportation {unknown}
 h - a scroll of blinking {unknown}
 j - a scroll of amnesia
 k - a scroll of fog
Potions
 c - 2 potions of invisibility
 f - 2 potions of might {unknown}
 g - a potion of brilliance {unknown}
 i - 2 potions of flight
 m - a potion of ambrosia {unknown}
 n - a potion of haste {unknown}
 o - a potion of cancellation {unknown}
 q - a potion of mutation {unknown}
 r - a potion of degeneration {unknown}
 t - a potion of heal wounds {unknown}


   Skills:
 + Level 2.8 Fighting
 + Level 3.9 Short Blades
 + Level 4.2 Dodging
 + Level 5.8 Stealth
 + Level 3.5 Spellcasting
 * Level 5.4 Hexes


You had 5 spell levels left.
You knew the following spells:

 Your Spells              Type           Power      Damage    Failure   Level
a - Ensorcelled Hibernat  Hex/Ice        26%        N/A       8%          2
b - Confusing Touch       Hex            23%        N/A       4%          3
c - Tukima's Dance        Hex            23%        N/A       4%          3

Your spell library contained the following spells:

 Spells                   Type           Power      Damage    Failure   Level
 Dazzling Flash           Conj/Hex       26%        N/A       16%         3
 Yara's Violent Unravell  Hex/Tmut       6%         3d5       80%         5
 Enfeeble                 Hex            11%        N/A       100%        7


Dungeon Overview and Level Annotations

Branches:
Dungeon (4/15)
 Temple: D:4-7

Altars:

Shops:
D:1 (


Innate Abilities, Weirdness & Mutations

You are small and have problems with some larger weapons.
You are completely attuned to the shadows.


Message History

You hit the orc.
You kill the orc!
You closely miss the orc. The orc completely misses you.
You hit the orc.
The orc is poisoned.
The orc is heavily wounded.
The orc barely misses you.
You closely miss the orc.
The orc is severely wounded.
You hit the orc.
You kill the orc!
The orc priest calls down the wrath of Beogh upon you.
Beogh smites you! The orc priest completely misses you.
Items here: ! )) †.
Aiming: Ensorcelled Hibernation (safe; 8% risk of failure)
Press: ? - help, Q - select action, (/) - cycle Shift-Dir - straight line, f - orc priest
Aim: an orc priest, wielding a +0 short sword and wearing a +0 leather armour (chance to affect: 47%)
Okay, then.
You hit the orc priest.
The orc priest is poisoned.
The orc priest is lightly wounded.
The orc priest barely misses you.
Your magical contamination has completely faded away.
You closely miss the orc priest.
You punch the orc priest, but do no damage.
The orc priest is moderately wounded.
The orc priest mumbles some strange prayers to Beogh against you.
Beogh smites you!
You hit the orc priest but do no damage.
The orc priest looks even sicker.
The orc priest is moderately wounded.
The orc priest mumbles some strange prayers to Beogh against you.
Beogh smites you!
* * * LOW HITPOINT WARNING * * *
You closely miss the orc priest.
The orc priest is moderately wounded.
Casting: Ensorcelled Hibernation (safe; 8% risk of failure)
Confirm with . or Enter, or press ? or * to list all spells.
Your hands begin to glow red.
The orc priest hits you with a +0 short sword.
You die...

.>....# #.
#..........).......
......#
#.####...8...8..###.....
......####..........8....#
#.....
...............#.........#
#..... ........
.....###.......####.####
#o....## ####.# .#. #....#
....).# #.### .. #.####
.†....#
#...#########.######
#.....#
####@#.............#
###.###
####o#.###.........# # #)#
##......# #.........# #
#.# #..##.### ##........#
###.########o###..#
#..(.....# o...#...o....#
#..# #....)...#
##.......##### #..###
#........#
.............###....#
#.####.####
###.####...#..##..#.#
#.........#


You could see an orc priest (very poisoned).

Vanquished Creatures
  A phantom (D:4)
  2 scorpions (D:4)
  4 killer bees (D:4)
  A jelly (D:4)
  A hound (D:4)
  Terence (D:2)
  An iguana (D:4)
  Natasha (thrice) (D:3)
  Robin (D:2)
  2 adders (D:4)
  2 dart slugs
  5 orcs (D:4)
  12 endoplasms
  3 giant cockroaches
  14 goblins
  6 hobgoblins
  3 jackals (D:1)
  5 kobolds
  5 quokkas
  7 ball pythons
  5 bats
  2 frilled lizards
  6 rats
92 creatures vanquished.

Vanquished Creatures (collateral kills)
  2 orcs (D:4)
  A kobold (D:4)
3 creatures vanquished.

Grand Total: 95 creatures vanquished

Notes
Turn   | Place    | Note
-------+----------+-------------------------------------------
     0 | D:1      | happo123 the Kobold Enchanter began the quest for the Orb.
     0 | D:1      | Reached XP level 1. HP: 10/10 MP: 3/3
    54 | D:1      | Found Receo's Antique Weapon Shoppe.
    98 | D:1      | Reached XP level 2. HP: 11/15 MP: 5/5
   181 | D:1      | Learned a level 2 spell: Ensorcelled Hibernation
   398 | D:1      | You fall into a shaft and drop 1 floor!
   667 | D:1      | Reached XP level 3. HP: 15/19 MP: 1/6
   677 | D:1      | Learned a level 3 spell: Confusing Touch
  1205 | D:2      | Noticed Terence
  1209 | D:2      | Killed Terence
  1210 | D:2      | Reached XP level 4. HP: 24/24 MP: 7/7
  1290 | D:2      | Noticed Robin
  1855 | D:2      | Reached skill level 1 in Fighting
  1924 | D:2      | Killed Robin
  1935 | D:2      | Reached XP level 5. HP: 21/29 MP: 2/8
  2285 | D:3      | Learned a level 3 spell: Tukima's Dance
  2289 | D:3      | Noticed Natasha
  2752 | D:3      | Killed Natasha
  2965 | D:3      | Found a faded altar of an unknown god.
  3091 | D:3      | Noticed Natasha
  3113 | D:3      | Killed Natasha
  3626 | D:3      | Noticed Natasha
  3632 | D:3      | Killed Natasha
  3633 | D:3      | Reached XP level 6. HP: 35/35 MP: 7/10
  3755 | D:4      | Reached skill level 5 in Stealth
  4002 | D:4      | Reached XP level 7. HP: 35/40 MP: 6/11
  4004 | D:4      | Reached skill level 5 in Hexes
  4571 | D:4      | Slain by an orc priest

Illustrated notes

Levels and vault maps discovered:
D:1:      lemuel_arrival_tunnels, layout_rooms, serial_shops, shop,
          minmay_misc_feat_enclosed
D:2:      layout_basic, uniq_robin, uniq_terence
D:3:      layout_loops_ring, hellmonk_ecumenical_altar_zigzags, uniq_natasha
D:4:      layout_rooms, nicolae_uskayaw_dance_hall

Skill      XL: |  1  2  3  4  5  6  7 |
---------------+----------------------+-----
Short Blades   | 2 3 |  3.9
Hexes          | 4 5 |  5.4
Fighting       | 1 2 |  2.8
Dodging        | 3 4 |  4.2
Stealth        | 5 |  5.8
Spellcasting   | 3 |  3.5

Action                   |  1- 3 |  4- 6 |  7- 9 || total
-------------------------+-------+-------+-------++-------
Melee: Dagger            |    73 |   108 |    29 ||   210
       Punch             |       |       |     1 ||     1
 Cast: Ensorcelled Hiber |    11 |    32 |    16 ||    59
       Confusing Touch   |       |     2 |     2 ||     4
       Tukima's Dance    |       |     1 |       ||     1
  Use: Scroll            |       |     3 |       ||     3
 Stab: Sleeping          |    18 |    38 |     8 ||    64
       Confused          |       |     1 |     1 ||     2
Armor: Robe              |    13 |     9 |     5 ||    27
Dodge: Dodged            |    40 |    74 |    28 ||   142

Table legend: (Time is in decaauts)
 A = Elapsed time spent in this place.
 B = Non-inter-level travel time spent in this place.
 C = Inter-level travel time spent in this place.
 D = Time resting spent in this place.
 E = Time spent auto-exploring this place.
 F = Levels seen in this place.
 G = Mean time per level.
                   A        B        C        D        E       F      G
               +--------+--------+--------+--------+--------+-----+--------+
         Total |   4545 |   4154 |    391 |    394 |   3047 |   4 | 1136.2 |
       Dungeon |   4545 |   4154 |    391 |    394 |   3047 |   4 | 1136.2 |
               +--------+--------+--------+--------+--------+-----+--------+

Top non-repeatable levels by time:
     D:3: 1474 daAuts
     D:2: 1191 daAuts
     D:1: 1061 daAuts
     D:4: 818 daAuts
